 Dungeon Crawl Stone Soup version 0.27-a0-1196-g3e9cee4cb2 (webtiles) character file.

Game seed: 9000548601659424335

106 Kold the Digger (level 4, -2/24 HPs)
             Began as a Gargoyle Earth Elementalist on May 28, 2021.
             Slain by a bullfrog (3 damage)
             ... on level 3 of the Dungeon.
             The game lasted 00:07:00 (4522 turns).

Kold the Digger (Gargoyle Earth Elementalist)       Turns: 4522, Time: 00:07:00

Health: -2/24      AC:  5    Str: 11    XL:     4   Next: 84%
Magic:  7/7        EV: 12    Int: 17    God:
Gold:   138        SH:  0    Dex: 10    Spells: 3/7 levels left

rFire    . . .     SeeInvis .   b - +0 short sword
rCold    . . .     Faith    .   (no shield)
rNeg     + . .     Spirit   .   c - +0 robe
rPois    ∞         Reflect  .   (no helmet)
rElec    +         Harm     .   (no cloak)
rCorr    .         Rampage  .   (no gloves)
Will     .....                  (no boots)
Stlth    ++........             (no amulet)
HPRegen  0.08/turn              (no ring)
MPRegen  0.10/turn              (no ring)

@: no status effects
A: sickness immunity, AC +3, negative energy resistance 1, electricity
resistance, torment resistance 1, petrification resistance
a: no special abilities


You were on level 3 of the Dungeon.
You visited 1 branch of the dungeon, and saw 4 of its levels.

You collected 138 gold pieces.

Inventory:

Hand Weapons
 b - a +0 short sword (weapon)
Missiles
 j - 61 stones
Armour
 c - a +0 robe (worn)
Wands
 k - a wand of acid (13)
Scrolls
 e - a scroll of identify {unknown}
 f - 2 scrolls of noise {unknown}
 l - a scroll of enchant armour {unknown}
 o - a scroll of holy word {unknown}
 p - a scroll of silence {unknown}
 q - a scroll of amnesia {unknown}
 r - a scroll of acquirement {unknown}
Potions
 a - a potion of heal wounds {unknown}
 g - a potion of cancellation {unknown}
 h - a potion of lignification {unknown}
 i - 2 potions of curing {unknown}
 m - a potion of flight {unknown}
 n - a potion of attraction {unknown}


   Skills:
 - Level 2.0 Dodging
 - Level 2.1 Stealth
 - Level 2.0 Spellcasting
 + Level 2.3 Conjurations
 - Level 0.7 Transmutations
 + Level 5.5 Earth Magic


You had 3 spell levels left.
You knew the following spells:

 Your Spells              Type           Power      Damage    Failure   Level
a - Sandblast             Erth           40%        2d10      1%          1
b - Stone Arrow           Conj/Erth      30%        3d8       12%         3

Your spell library contained the following spells:

 Spells                   Type           Power      Damage    Failure   Level
 Passwall                 Tmut/Erth      10%        N/A       9%          2
 Summon Small Mammal      Summ           4%         N/A       19%         1
 Call Imp                 Summ           1%         N/A       28%         2
 Call Canine Familiar     Summ           1%         N/A       50%         3
 Summon Guardian Golem    Hex/Summ       1%         N/A       50%         3
 Petrify                  Tmut/Erth      12%        N/A       47%         4
 Lee's Rapid Deconstruct  Erth           10%        3d9*      50%         5
 Summon Ice Beast         Ice/Summ       1%         N/A       88%         4
 Summon Lightning Spire   Summ/Air       1%         N/A       88%         4


Dungeon Overview and Level Annotations

Branches:
Dungeon (4/15)
 Temple: D:4-7

Altars:
Dithmenos
The Shining One

Annotations:
D:4 Edmund


Innate Abilities, Weirdness & Mutations

You are immune to sickness and miasma.
Your stone body is resilient. (AC +3)
You are immune to poison.
You resist negative energy. (rN+)
You are resistant to electric shocks. (rElec)
You are resistant to unholy torment.
You are immune to petrification.


Message History

Casting: Sandblast (safe; 1% risk of failure)
Confirm with . or Enter, or press ? or * to list all spells.
You can't see any susceptible monsters within range! (Use Z to cast anyway.)
Found a stone staircase leading down.
Edmund the Younger comes into view.
He is wielding a +3 vorpal dire flail.
Edmund says, "Everyone always remembers my brother. 'Who's Edmund?' they ask!"
Found a ring mail.
The bullfrog croaks.
The bullfrog hits you.
The bullfrog hits you but does no damage.
The bullfrog swells and bulges.
The bullfrog hits you but does no damage.
The orc closely misses you.
There is a stone staircase leading up here.
The bullfrog barely misses you. The orc hits you with a +0 mace.
The bullfrog closely misses you. The orc hits you with a +0 flail.
* * * LOW HITPOINT WARNING * * *
You climb upwards.
There is a stone staircase leading down here.
As you read the scroll labelled VIUSMOGYOT, it crumbles to dust.
Wisps of shadow whirl around you...
It was a scroll of summoning.
The orc hits you with a +0 mace!
* * * LOW HITPOINT WARNING * * *
The bullfrog hits you but does no damage.
The bullfrog hits your orc!
Your orc dies!
Your orc's corpse dissolves into shadows!
Your goblin hits the orc with a +0 club.
The orc completely misses your goblin.
Your kobold throws a poisoned dart.
The poisoned dart closely misses the bullfrog.
The poisoned dart hits you!
Your goblin hits the orc with a +0 club.
The orc barely misses your goblin. The bullfrog misses you.
Your kobold throws a poisoned dart.
The poisoned dart hits the bullfrog!
The bullfrog is poisoned.
Your goblin hits the orc with a +0 club.
The orc dies!
As you read the scroll of summoning, it crumbles to dust.
Wisps of shadow whirl around you... The bullfrog hits you.
You die...

.8##........# #.# #.#
.###....#.#.#### #.# #.#
........#......# #.# #.#
........#......# #.# #.#
....##.........# #.# #.#
....##.......### #.# #.#
....##.......## #.# #.#
..#.......#...######.# #.#
..#............F@.g..# #.#
......##......ho#########.#
............Kohh..........#
...............g###########
.............o..###
..........#.......#
.....######.......#
..................###
....................##


You could see a bullfrog (very poisoned, ally target), a friendly orc wizard
(summoned), 2 friendly orcs, 3 friendly jackals, a friendly hobgoblin
(summoned), a friendly goblin (summoned) and a friendly kobold (summoned).

Vanquished Creatures
  2 adders (D:3)
  2 worms (D:2)
  A dart slug (D:2)
  3 orcs (D:3)
  4 endoplasms
  6 giant cockroaches
  4 goblins
  8 hobgoblins
  9 jackals (D:1)
  3 quokkas (D:1)
  7 ball pythons
  4 bats
  2 frilled lizards
  5 kobolds
  7 rats
67 creatures vanquished.

Vanquished Creatures (collateral kills)
  An orc (D:3)
1 creature vanquished.

Grand Total: 68 creatures vanquished

Notes
Turn   | Place    | Note
-------+----------+-------------------------------------------
     0 | D:1      | Kold the Gargoyle Earth Elementalist began the quest for
                  | the Orb.
     0 | D:1      | Reached XP level 1. HP: 10/10 MP: 3/3
   147 | D:1      | Reached skill level 4 in Earth Magic
   147 | D:1      | Reached XP level 2. HP: 15/15 MP: 0/5
   616 | D:1      | Reached XP level 3. HP: 8/19 MP: 0/6
   809 | D:1      | Learned a level 3 spell: Stone Arrow
  1537 | D:1      | Reached skill level 1 in Conjurations
  1997 | D:1      | Found a glowing golden altar of the Shining One.
  2369 | D:2      | Reached skill level 5 in Earth Magic
  2627 | D:2      | Reached XP level 4. HP: 24/24 MP: 3/7
  3102 | D:2      | Found a faded altar of an unknown god.
  4356 | D:4      | Found a shadowy altar of Dithmenos.
  4504 | D:4      | Noticed a bullfrog
  4510 | D:4      | Noticed Edmund
  4518 | D:3      | HP: 1/24 [orc/+0 mace (7)]
  4522 | D:3      | Slain by a bullfrog

Illustrated notes

Levels and vault maps discovered:
D:1:      dpeg_arrival_water_altar, layout_basic
D:2:      layout_loops_ring, hellmonk_ecumenical_altar_crossroads,
          grunt_decor_resistance, grunt_decor_junction
D:3:      layout_basic, serial_corexii_hall, corexii_hall_statues_l,
          corexii_hall_statues_t, minmay_misc_feat_enclosed, hex_tiny
D:4:      layout_basic, lemuel_tele_altar, uniq_edmund, uniq_natasha,
          uniq_menkaure

Skill      XL: |  1  2  3  4 |
---------------+-------------+-----
Earth Magic    | 4 5 |  5.5
Dodging        | 2 |  2.0
Conjurations   | 1 2 |  2.3
Stealth        | |  2.1
Spellcasting   | |  2.0
Transmutations | |  0.7

Action                   |  1- 3 |  4- 6 || total
-------------------------+-------+-------++-------
Melee: Unarmed           |   111 |       ||   111
       Short sword       |    26 |    37 ||    63
 Cast: Sandblast         |    39 |    21 ||    60
       Stone Arrow       |    15 |     5 ||    20
  Use: Scroll            |       |     2 ||     2
 Stab: Sleeping          |     2 |       ||     2
Armor: Robe              |    62 |    18 ||    80
Dodge: Dodged            |   137 |    29 ||   166

Table legend: (Time is in decaauts)
 A = Elapsed time spent in this place.
 B = Non-inter-level travel time spent in this place.
 C = Inter-level travel time spent in this place.
 D = Time resting spent in this place.
 E = Time spent auto-exploring this place.
 F = Levels seen in this place.
 G = Mean time per level.
                   A        B        C        D        E       F      G
               +--------+--------+--------+--------+--------+-----+--------+
         Total |   4538 |   4252 |    286 |    980 |   2658 |   4 | 1134.5 |
       Dungeon |   4538 |   4252 |    286 |    980 |   2658 |   4 | 1134.5 |
               +--------+--------+--------+--------+--------+-----+--------+

Top non-repeatable levels by time:
     D:1: 2154 daAuts
     D:2: 1365 daAuts
     D:3: 991 daAuts
     D:4: 26 daAuts
